 Dungeon Crawl Stone Soup version 0.19.4 (webtiles) character file.

23 boogie666 the Shooter (level 2, -6/25 HPs)
             Began as a Minotaur Hunter on Feb 5, 2017.
             Mangled by a gnoll
             ... wielding a +0 halberd
              (8 damage)
             ... on level 2 of the Dungeon.
             The game lasted 00:06:08 (816 turns).

boogie666 the Shooter (Minotaur Hunter)              Turns: 816, Time: 00:06:08

Health: -6/25      AC:  9    Str: 16    XL:     2   Next: 72%
Magic:  1/1        EV: 11    Int:  8    God:
Gold:   83         SH:  0    Dex: 10    Spells: 0 memorised, 1 level left

rFire  . . .     SeeInvis .     a - +1 shortbow
rCold  . . .     Gourm    .     n - +0 ring mail
rNeg   . . .     Faith    .     (shield currently unavailable)
rPois  .         Spirit   .     (helmet restricted)
rElec  .         Reflect  .     (no cloak)
rCorr  .         Harm     .     p - +0 pair of gloves
MR     .....                    j - +2 pair of boots
Stlth  +.........               (no amulet)
                                (no ring)
                                (no ring)

@: no status effects
A: retaliatory headbutt, horns 2
a: no special abilities


You were on level 2 of the Dungeon.
You were not hungry.

You visited 1 branch of the dungeon, and saw 2 of its levels.

You collected 83 gold pieces.

Inventory:

Hand Weapons
 a - a +1 shortbow (weapon)
 b - a +0 short sword
 s - a +0 hunting sling
Missiles
 d - 22 arrows (quivered)
 q - 7 curare-tipped needles
Armour
 c - a +0 leather armour
 j - a +2 pair of boots (worn)
 n - a +0 ring mail (worn)
 p - a +0 pair of gloves (worn)
Scrolls
 g - a scroll of identify
 h - a scroll of recharging {unknown}
 i - a scroll of immolation {unknown}
 o - a scroll of fog {unknown}
 t - a scroll of blinking {unknown}
Potions
 k - a potion of haste {unknown}
 l - a potion of flight {unknown}
 r - a potion of degeneration {unknown}
Comestibles
 f - 2 bread rations


   Skills:
 - Level 2.4 Fighting
 + Level 5.1 Bows
 + Level 2.4 Dodging
 + Level 1.0 Stealth


You had one spell level left.
You didn't know any spells.

Dungeon Overview and Level Annotations

Branches:
Dungeon (2/15)

Altars:
Ru


Innate Abilities, Weirdness & Mutations

You reflexively headbutt those who attack you in melee.
You have a pair of horns on your head.


Message History

You shoot an arrow. The arrow hits the gnoll.
The gnoll is moderately wounded.
The gnoll hits you but does no damage. The gnoll barely misses you.
Firing (i - inventory):
d - 24 arrows (quivered)
Press: ? - help, Shift-Dir - straight line, f/p - gnoll
Aim: a gnoll (moderately wounded)
You shoot an arrow. The arrow closely misses the gnoll.
The gnoll closely misses you.
Firing (i - inventory):
d - 23 arrows (quivered)
Press: ? - help, Shift-Dir - straight line, f/p - gnoll
Aim: a gnoll (moderately wounded)
You shoot an arrow. The arrow hits the gnoll.
The gnoll is heavily wounded.
The gnoll hits you from afar with a halberd!
Ouch! That really hurt!
* * * LOW HITPOINT WARNING * * *
The gnoll barely misses you.
It was a potion of cure mutation.
It has a very clean taste.
The gnoll hits you from afar with a halberd!
You die...

#... ###. ####### #...##
#.. ##...... #.....###.#
##.......
#..>#...#.###.......)
#..[ #....##........
#####...###.##.##........
............##.##........
(%.(g.##...†##...........
.......#@##.######)......
.....(gg.##...# #........
......(####....##........
....... ..$...#........
....... #.##............
....... .. .(..........
....... ##. #...#.......
.(..... #. #...........
....._. #. .....##.####


You could see 2 gnolls.

Vanquished Creatures
  A worm (D:2)
  A dart slug (D:1)
  A giant cockroach (D:2)
  A goblin (D:2)
  2 hobgoblins (D:1)
  2 jackals (D:1)
  3 kobolds
  A ball python (D:1)
  3 bats
  3 rats
18 creatures vanquished.

Notes
Turn   | Place    | Note
-------+----------+-------------------------------------------
     0 | D:1      | boogie666 the Minotaur Hunter began the quest for the Orb.
     0 | D:1      | Reached XP level 1. HP: 18/18 MP: 0/0
   276 | D:1      | Reached XP level 2. HP: 24/25 MP: 1/1
   609 | D:2      | Reached skill level 5 in Bows
   740 | D:2      | Reached skill level 1 in Stealth
   805 | D:2      | Found a sacrificial altar of Ru.
   816 | D:2      | Mangled by a gnoll

Skill      XL: |  1  2 |
---------------+-------+-----
Bows           | 5 |  5.1
Stealth        | 1 |  1.0
Fighting       | |  2.4
Dodging        | |  2.4

Action                   || total
-------------------------++-------
 Fire: Shortbow          ||    51
  Use: Scroll            ||     2
       Potion            ||     1
Armor: Leather armour    ||     7
       Ring mail         ||     9
Dodge: Dodged            ||    24
